 Dungeon Crawl Stone Soup version 0.31.0-4-g52a2dc7128 (webtiles) character file.

Game seed: 2601029874617648811

1281 boopmooplesden the Cruncher (level 8, 0/102 HPs)
             Began as a Minotaur Gladiator on Jan 22, 2024.
             Was a Follower of Okawaru.
             Succumbed to a gnoll's poison
             ... on level 6 of the Dungeon.
             The game lasted 00:08:59 (5255 turns).

boopmooplesden the Cruncher (Minotaur Gladiator)    Turns: 5255, Time: 00:08:59

Health: 0/102      AC: 24    Str: 21    XL:     8   Next: 29%
Magic:  5/7        EV:  2    Int:  5    God:    Okawaru [*.....]
Gold:   189        SH:  0    Dex: 12    Spells: 7/7 levels left

rFire   + . .        a - +0 quarterstaff (spect)
rCold   + . .        (shield currently unavailable)
rNeg    . . .        b - melded +0 leather armour
rPois   +            c - melded +0 hat
rElec   +            (cloak currently unavailable)
rCorr   +            g - melded +0 pair of gloves
SInv    .            (boots currently unavailable)
Will    .....        (no amulet)
Stlth   +++          (no ring)
HPRegen 0.37/turn    (no ring)
MPRegen 0.10/turn

%: no passive effects
@: lethally poisoned (0 -> -7), tree-form, resistant, heroic, hasted, very quick
A: stationary, stasis, torment immunity, boosted hp, (horns 2), (retaliatory
headbutt)
a: Renounce Religion, Heroism


You were on level 6 of the Dungeon.
You worshipped Okawaru.
Okawaru was aware of your devotion.
You were a tree.
You visited 1 branch of the dungeon, and saw 6 of its levels.
You also visited: Sewer.

You collected 189 gold pieces.

Inventory:

Hand Weapons
 a - a +0 spectral quarterstaff (weapon)
 m - a +0 halberd
Missiles
 e - a javelin
Armour
 b - a +0 leather armour (melded)
 c - a +0 hat (melded)
 g - a +0 pair of gloves (melded)
 o - a +0 buckler
Talismans
 k - a beast talisman
 t - a maw talisman
Wands
 n - a wand of mindburst (1)
Scrolls
 f - 2 scrolls of vulnerability
 h - a scroll of teleportation
Potions
 i - a potion of invisibility {unknown}
 j - a potion of mutation {unknown}
 v - 2 potions of lignification


   Skills:
 + Level 5.3(10.3) Fighting
 + Level 8.3(13.3) Staves
 + Level 2.0(7.0) Throwing
 + Level 4.1(9.1) Armour
 + Level 4.9(9.9) Dodging
 + Level 1.5(6.5) Stealth
 + Level 2.7 Shapeshifting


You had 7 spell levels left.
You didn't know any spells.
Your spell library contained the following spells:

 Spells                   Type           Power      Damage    Failure   Level
 Freeze                   Ice            0%         1d3       47%         1
 Magic Dart               Conj           0%         1d3       47%         1
 Blink                    Tloc           0%         N/A       63%         2
 Lesser Beckoning         Tloc           0%         N/A       63%         2
 Momentum Strike          Conj/Tloc      0%         3d8       63%         2
 Searing Ray              Conj           0%         2d4       63%         2
 Sublimation of Blood     Necr           0%         N/A       63%         2
 Frozen Ramparts          Ice            0%         1d1       85%         3
 Hailstorm                Conj/Ice       0%         3d5       85%         3
 Fulminant Prism          Conj/Alch      0%         3d5       99%         4
 Call Imp                 Summ           Unusable   N/A       N/A         2
 Summon Hydra             Summ           Unusable   N/A       N/A         7

Dungeon Overview and Level Annotations

Branches:
Dungeon (6/15)              Sewer (visited)
 Temple: D:4-7

Altars:
Okawaru
Qazlal
Zin

Annotations:
D:5 3 runed translucent doors, RancidPinata's ghost, weakling OpDe


Innate Abilities, Weirdness & Mutations

You are a tree.
Your roots penetrate the ground, keeping you stationary.
You cannot be teleported.
You are immune to unholy pain and torment.
Your maximum health is greatly increased.
Your equipment is partially melded.
((You have a pair of horns on your head.))
((You reflexively headbutt those who attack you in melee.))


Message History

The orc is lightly wounded.
You hit the orc.
The orc is heavily wounded.
You feel sick. The gnoll hits you but does no damage.
The orc hits you with a +0 hand axe.
* * * LOW HITPOINT WARNING * * *
You closely miss the orc.
The orc is heavily wounded.
You thump the orc!
You kill the orc!
Okawaru accepts your kill.
You feel sick.
The orc priest mumbles some strange prayers to Beogh against you.
Beogh smites you!
* * * LOW HITPOINT WARNING * * *
The gnoll hits you but does no damage.
Aiming: Mindburst
Press: ? - help, Shift-Dir - straight line, f - gnoll
Aim: a gnoll, wielding a +0 spear of venom (chance to affect: 72%)
The gnoll struggles to resist.
You hear a shout!
Unknown command.
Aiming: Mindburst
Press: ? - help, Shift-Dir - straight line, f - orc priest, p - gnoll
Aim: an orc priest, wielding a +0 whip and wearing a +0 leather armour (chance to affect: 64%)
The orc priest struggles to resist.
You feel sick.
You are no longer poisoned.
The gnoll hits you but does no damage.
You are lethally poisoned!
You feel protected.
* * * LOW HITPOINT WARNING * * *
You feel sick. The orc priest barely misses you.
The gnoll hits you but does no damage.
You thump the orc priest!
The orc priest is severely wounded.
* * * LOW HITPOINT WARNING * * *
You feel sick.
You hit the orc priest.
The orc priest is almost dead.
You die...

#.# #.# #######
#.# ....... ...
....... #.#
..... . #.# ...
...
#.#######.#.....
#(ooo♣..........
#.gg#####.#.....
###....$#.# ...
#g.g..#$# ..
#.....#.# ...
#.....#+#....
#.#........##
#.#..<.......
#.#...g$...#.


You could see an orc priest, 2 gnolls and 2 orcs.

Vanquished Creatures
  A troll (D:6)
  A black bear (D:5)
  3 kobold brigands (Sewer)
  2 phantoms (D:5)
  2 hounds
  A gnoll bouda (D:6)
  An orc wizard (D:5)
  Ijyb (D:3)
  6 iguanas
  12 adders
  3 river rats (Sewer)
  8 gnolls
  6 ribbon worms
  4 dart slugs
  5 orcs
  12 endoplasms
  3 giant cockroaches
  2 goblins
  2 hobgoblins
  3 jackals (D:3)
  6 kobolds
  6 quokkas
  11 ball pythons
  8 bats
  4 frilled lizards
  13 rats
  A spectral kobold (D:3)
127 creatures vanquished.

Notes
Turn   | Place    | Note
-------+----------+-------------------------------------------
     0 | D:1      | boopmooplesden the Minotaur Gladiator began the quest for
                  | the Orb.
     0 | D:1      | Reached XP level 1. HP: 18/18 MP: 0/0
   156 | D:1      | Reached skill level 4 in Staves
   156 | D:1      | Reached XP level 2. HP: 22/25 MP: 1/1
   692 | D:1      | Reached XP level 3. HP: 30/30 MP: 2/2
  1114 | D:2      | Reached skill level 1 in Armour
  1552 | D:3      | Reached XP level 4. HP: 8/37 MP: 3/3
  1688 | D:3      | Found a stormy altar of Qazlal.
  1729 | D:3      | Noticed Ijyb
  1743 | D:3      | Killed Ijyb
  1744 | D:3      | Reached skill level 5 in Staves
  1893 | D:3      | Reached XP level 5. HP: 29/45 MP: 4/4
  2004 | D:3      | Found a faded altar of an unknown god.
  2647 | D:4      | Reached skill level 6 in Staves
  2647 | D:4      | Reached skill level 1 in Shapeshifting
  2647 | D:4      | Reached XP level 6. HP: 46/52 MP: 5/5
  2659 | D:4      | Found a glowing drain.
  2678 | Sewer    | Entered a sewer
  2941 | Sewer    | Reached skill level 1 in Stealth
  3175 | Sewer    | Reached XP level 7. HP: 25/59 MP: 6/6
  4076 | D:5      | Entered Level 5 of the Dungeon
  4083 | D:5      | Reached skill level 7 in Staves
  4158 | D:5      | Noticed a yak
  4159 | D:5      | Noticed RancidPinata's ghost (weakling OpDe)
  4175 | D:5      | Found a runed translucent gate.
  4175 | D:5      | Found a runed translucent gate.
  4175 | D:5      | Found a runed translucent gate.
  4461 | D:5      | Found an iron altar of Okawaru.
  4486 | D:5      | Became a worshipper of Warmaster Okawaru
  4517 | D:5      | Found a glowing silver altar of Zin.
  4824 | D:5      | Reached skill level 5 in Fighting
  5140 | D:6      | Noticed a troll
  5206 | D:6      | Reached XP level 8. HP: 61/68 MP: 7/7
  5216 | D:6      | Killed a troll
  5216 | D:6      | Reached * piety under Okawaru
  5217 | D:6      | Reached skill level 8 in Staves
  5250 | D:6      | HP: 4/102 [orc priest/divine providence (16)]
  5254 | D:6      | HP: 1/102 [poisoned by a gnoll]
  5255 | D:6      | Succumbed to a gnoll's poison

Illustrated notes

Levels and vault maps discovered:
D:1:      dpeg_arrival_simpleton_a, layout_basic
D:2:      layout_loops_cross, nicolae_eternal_life
D:3:      layout_basic, grunt_qazlal_sundering,
          dreamdust_ecumenical_altar_drowned_temple, uniq_ijyb
D:4:      layout_loops_cross, mainiacjoe_sewer_entry_somewhere_in_here_1
D:5:      layout_gridville, mainiacjoe_overflow_swirl, gammafunk_ghost_split
D:6:      layout_basic, kennysheep_mini, minmay_temple_entry_fiery

Skill      XL: |  1  2  3  4  5  6  7  8 |
---------------+-------------------------+-----
Staves         | 4 5 6 7 8 |  8.3
Armour         | 1 2 3 4 |  4.1
Fighting       | 3 4 5 |  5.3
Dodging        | 4 |  4.9
Shapeshifting  | 1 2 |  2.7
Stealth        | 1 |  1.5
Throwing       | |  2.0

Action                     |  1- 3 |  4- 6 |  7- 9 || total
---------------------------+-------+-------+-------++-------
  Melee: Quarterstaff      |    74 |   117 |   111 ||   302
         Headbutt          |     4 |    17 |    19 ||    40
  Throw: Throwing net      |       |     1 |     3 ||     4
 Invoke: Heroism           |       |       |     1 ||     1
  Evoke: Wand              |       |       |     6 ||     6
    Use: Scroll            |       |     5 |     3 ||     8
         Potion            |       |       |     5 ||     5
   Stab: Sleeping          |       |     1 |       ||     1
         Held in net/web   |       |       |     3 ||     3
 Armour: Leather armour    |    57 |    49 |    40 ||   146
         Skin              |       |       |    13 ||    13
  Dodge: Dodged            |    67 |    63 |    68 ||   198
   Form: Beast             |     1 |       |       ||     1
                           |       |       |     1 ||     1
